 Dungeon Crawl Stone Soup version 0.29.0-11-gd7f09526c8 (webtiles) character file.

Game seed: 17613899287306075323

103 SensoryNuts the Trooper (level 4, -5/35 HPs)
             Began as a Demonspawn Fighter on Sept 3, 2022.
             Engulfed by a steam dragon's steam (7 damage)
             ... on level 3 of the Dungeon.
             The game lasted 00:02:10 (2658 turns).

SensoryNuts the Trooper (Demonspawn Fighter)        Turns: 2658, Time: 00:02:10

Health: -5/35      AC:  6    Str: 17    XL:     4   Next: 51%
Magic:  4/4        EV:  9    Int:  9    God:
Gold:   111        SH: 14    Dex: 14    Spells: 3/3 levels left

rFire   . . .      SeeInvis .   a - +0 long sword
rCold   . . .      Faith    .   c - +0 buckler
rNeg    . . .      Spirit   .   b - +0 scale mail
rPois   .          Reflect  +   (helmet restricted)
rElec   .          Harm     .   (no cloak)
rCorr   .          Rampage  .   (no gloves)
Will    .....                   (no boots)
Stlth   ..........              l - amulet of reflection
HPRegen 0.11/turn               (no ring)
MPRegen 0.09/turn               (no ring)

@: no status effects
A: antennae 2, large bone plates 1
a: no special abilities


You were on level 3 of the Dungeon.
You visited 1 branch of the dungeon, and saw 3 of its levels.

You collected 111 gold pieces.

Inventory:

Hand Weapons
 a - a +0 long sword (weapon)
Armour
 b - a +0 scale mail (worn)
 c - a +0 buckler (worn)
Jewellery
 l - an amulet of reflection (around neck)
 o - an amulet of regeneration
 q - a ring of wizardry
Wands
 t - a wand of flame (13)
Scrolls
 d - a scroll of teleportation {unknown}
 e - 2 scrolls of immolation {unknown}
 g - a scroll of torment {unknown}
 h - 4 scrolls of enchant weapon {unknown}
 i - 2 scrolls of identify {unknown}
 j - a scroll of vulnerability {unknown}
 m - a scroll of noise {unknown}
 n - a scroll of fear {unknown}
Potions
 f - a potion of berserk rage {unknown}
 k - a potion of resistance {unknown}
 p - a potion of flight {unknown}
 r - a potion of lignification {unknown}
 s - a potion of haste {unknown}
 u - a potion of heal wounds {unknown}
 v - a potion of attraction {unknown}


   Skills:
 + Level 3.3 Fighting
 * Level 3.3 Long Blades
 + Level 3.1 Armour
 + Level 0.3 Dodging
 + Level 3.1 Shields


You had 3 spell levels left.
You didn't know any spells.
Your spell library contained the following spells:

 Spells                   Type           Power      Damage    Failure   Level
 Summon Small Mammal      Summ           0%         N/A       87%         1
 Call Canine Familiar     Summ           0%         N/A       99%         3
 Ignite Poison            Fire/Tmut/Pois 0%         N/A       99%         3
 Mephitic Cloud           Conj/Pois/Air  0%         N/A       99%         3
 Summon Guardian Golem    Hex/Summ       0%         N/A       99%         3
 Freezing Cloud           Conj/Ice/Air   0%         6-21      100%        5


Dungeon Overview and Level Annotations

Branches:
Dungeon (3/15)

Altars:
Dithmenos

Shops:
D:1 (   D:3 *


Innate Abilities, Weirdness & Mutations

You have a pair of antennae on your head.
You are partially covered in large bone plates. (SH +4)


Message History

The slug dart hits the dart slug.
You slash the dart slug!
The dart slug is almost dead.
You block the dart slug's attack.
You hit the dart slug.
You kill the dart slug!
No target in view!
No target in view!
No target in view!
No target in view!
No target in view!
No target in view!
No target in view!
A steam dragon comes into view.
Found 12 gold pieces.
The steam dragon hisses angrily.
A steam dragon is nearby!
A steam dragon is nearby!
The steam dragon breathes steam at you. The ball of steam misses you.
You hear a shout!
No target in view!
Okay, then.
The steam dragon breathes steam at you. The ball of steam hits you!!
Ouch! That really hurt!
Okay, then.
Okay, then.
The steam dragon breathes steam at you. The ball of steam hits you!
* * * LOW HITPOINT WARNING * * *
Unknown command.
Okay, then.
The steam dragon breathes steam at you. The ball of steam misses you.
Unknown command.
The steam dragon breathes steam at you. The ball of steam misses you.
You are engulfed in a cloud of scalding steam.
You die...

....D§##.D....(... ########
#.# #§..#§.....>. .......#
##....§§###§†......
.......# ....#### #§..>....
.......# #...# ###§.......
........ #.#.# ##.D.>######
.......^#####.#.####..####
................§.§§§#....#
.......#.....<..@§#§......#
########........§§#§§#....#
# ##..........#.##....# ###
#...........#.# ....# ..#
#...........#.# #.### #.#
#...........#.# #.#
#.#####.###.#.###.#.# #.#
#.......###.#.# #.#.# #.#
###..#####..).# #.#.# #.#


There were no monsters in sight!

Vanquished Creatures
  4 adders
  A worm (D:3)
  3 dart slugs
  3 orcs (D:3)
  7 ball pythons
  7 endoplasms
  3 giant cockroaches
  3 goblins
  3 hobgoblins
  4 jackals (D:3)
  2 kobolds
  2 quokkas
  2 frilled lizards
  6 rats
50 creatures vanquished.

Notes
Turn   | Place    | Note
-------+----------+-------------------------------------------
     0 | D:1      | SensoryNuts the Demonspawn Fighter began the quest for the
                  | Orb.
     0 | D:1      | Reached XP level 1. HP: 18/18 MP: 1/1
   287 | D:1      | Gained mutation: You are partially covered in large bone
                  | plates. (SH +4) [demonic ancestry]
   287 | D:1      | Reached XP level 2. HP: 24/24 MP: 2/2
   437 | D:1      | Found Vunkoqy's Weapon Emporium.
  1151 | D:2      | Identified the +1 ring mail of the Stone Wall {Contam +Inv
                  | Regen+ Int+4}
  1190 | D:2      | Gained mutation: You have a pair of small antennae on your
                  | head. [demonic ancestry]
  1190 | D:2      | Reached XP level 3. HP: 10/29 MP: 3/3
  1632 | D:2      | Found a faded altar of an unknown god.
  1982 | D:3      | Found Sugadosch's Assorted Antiques.
  1998 | D:3      | Gained mutation: You have a pair of antennae on your head.
                  | [demonic ancestry]
  1998 | D:3      | Reached XP level 4. HP: 18/35 MP: 4/4
  2478 | D:3      | Found a shadowy altar of Dithmenos.
  2628 | D:3      | Noticed a steam dragon
  2650 | D:3      | HP: 1/35 [something/ball of steam (12)]
  2658 | D:3      | Engulfed by a steam dragon's steam

Illustrated notes

Levels and vault maps discovered:
D:1:      dpeg_arrival_stone_temple_mockup, layout_basic, serial_shops,
          nicolae_shop_bloodbath_and_beyond, hangedman_decor_riveting
D:2:      layout_loops_ring, basic_ecumenical_altar, minmay_pentomino_p4
D:3:      layout_rooms, mainiacjoe_overflow_tiny_flanked, serial_shops, shop,
          minmay_box_of_dots

Skill      XL: |  1  2  3  4 |
---------------+-------------+-----
Long Blades    | 2 3 |  3.3
Armour         | 3 |  3.1
Shields        | 3 |  3.1
Fighting       | |  3.3
Dodging        | |  0.3

Action                   |  1- 3 |  4- 6 || total
-------------------------+-------+-------++-------
Melee: Long sword        |   132 |    57 ||   189
  Use: Potion            |     1 |       ||     1
Armor: Scale mail        |    52 |    10 ||    62
Dodge: Dodged            |    41 |    14 ||    55
Block: Buckler           |   100 |    54 ||   154
       Reflection        |     1 |     4 ||     5
